AoeStats
← Murderer Potato

Nomad

509246993Analyzed
4v4 RM · 6d ago on Sep 26, 2026· 68m 29s· 8 players
Game mode
Random Map
Map size
231×231
Population
200
Speed
Normal
Resources
Standard
Victory
Conquest
Starting age
Dark Age
Ending age
Imperial Age
RankedLock teamsTeams togetherTeam positionsShared explorationLock speedFull tech treeHidden civsTurbo modeCheats
Victory
Defeat
🇨🇱 Malay · Chile
1247
+14
🇧🇷 Persians · Brazil
1195
+16
🇨🇱 Burgundians · Chile
1184
+16
🇦🇺 Jurchens · Australia
1138
+18
🇺🇸 Khmer · United States
1219
-17
🇨🇱 Chinese · Chile
1193
-16
🇹🇷 Franks · Türkiye
1179
-16
🇺🇸 Koreans · United States
1173
-15
sergey_mashkov
5:19 Loom
17:11 Feudal Age
18:03 Gold Mining
17:57 Horse Collar
22:19 Castle Age
20:56 Wheelbarrow
20:21 Stone Mining
24:18 Double-Bit Axe
28:15 Bow Saw
31:40 Husbandry
33:06 Gold Shaft Mining
32:55 Ballistics
32:52 Masonry
33:06 Heated Shot
34:50 Bloodlines
35:02 Heavy Plow
35:26 Hand Cart
34:57 Town Watch
35:35 Tusk Swords
35:48 Tusk Swords
39:00 Imperial Age
37:53 Murder Holes
39:04 Forging
38:49 Fletching
39:00 Padded Archer Armor
39:05 Scale Barding Armor
39:11 Scale Barding Armor
39:23 Elite Ballista Elephant
40:25 Conscription
41:47 Leather Archer Armor
42:08 Iron Casting
41:54 Chain Barding Armor
41:30 Bodkin Arrow
41:46 Double Crossbow
43:53 Chemistry
42:59 Siege Engineers
44:49 Elite Battle Elephant
47:35 Coinage
49:13 Blast Furnace
48:52 Plate Barding Armor
48:48 Ring Archer Armor
48:20 Bracer
52:51 Architecture
53:05 Stone Shaft Mining
59:26 Light Cavalry
63:07 Hussar
Murderer Potato
3:46 Loom
11:44 Loom
13:48 Feudal Age
18:25 Castle Age
17:39 Double-Bit Axe
20:25 Bow Saw
25:15 Medium Warships
25:30 Horse Collar
25:48 Stone Mining
25:49 Gold Mining
28:22 Wheelbarrow
29:52 Hand Cart
34:29 Imperial Age
32:46 Thumb Ring
34:16 Ballistics
33:53 Fletching
34:03 Padded Archer Armor
35:53 Conscription
34:56 Elite Chu Ko Nu
37:08 Two-Man Saw
37:40 Chemistry
36:43 Bodkin Arrow
37:04 Leather Archer Armor
37:27 Bracer
37:38 Forging
37:34 Scale Barding Armor
37:13 Light Cavalry
38:04 Bloodlines
44:18 Rocketry
48:31 Ring Archer Armor
52:48 Husbandry
Hakuna Mataha
13:23 Feudal Age
18:52 Castle Age
17:41 Double-Bit Axe
18:14 Fishing Lines
19:56 Bow Saw
21:31 Gillnets
32:27 Imperial Age
31:38 Gold Mining
33:30 Scale Mail Armor
33:45 Forging
35:16 Cavalier
35:57 Husbandry
46:26 Scale Barding Armor
54:42 Light Cavalry
61:55 Chain Barding Armor
62:49 Ordonnance Companies
64:44 Fletching
66:45 Capped Ram
TheEel
5:44 Loom
15:44 Feudal Age
19:46 Castle Age
18:48 Double-Bit Axe
19:23 Fletching
20:39 Medium Warships
22:41 Medium Warships
23:21 Fishing Lines
26:33 Gillnets
Sr Bolainas
3:05 Loom
9:48 Double-Bit Axe
13:05 Feudal Age
20:02 Castle Age
18:00 Stone Mining
19:32 Gold Mining
19:57 Bow Saw
19:30 Horse Collar
20:34 Stone Shaft Mining
20:04 Town Watch
20:58 Medium Warships
21:46 Demolition Ship
23:16 Fletching
28:24 Wheelbarrow
30:43 Forging
31:30 Scale Barding Armor
32:02 Husbandry
32:43 Fishing Lines
33:39 Heavy Plow
34:17 Pikeman
34:58 Squires
34:45 Arson
35:57 Chain Barding Armor
38:52 Iron Casting
42:21 Imperial Age
42:16 Burgundian Vineyards
42:22 Bodkin Arrow
42:28 Padded Archer Armor
41:54 Crossbowman
43:35 Gold Shaft Mining
42:52 Elite Skirmisher
44:34 Chemistry
44:33 Masonry
46:22 Hoardings
46:11 Conscription
46:01 Bracer
47:10 Onager
48:48 Ballistics
49:47 Leather Archer Armor
50:09 Plate Barding Armor
50:37 Blast Furnace
49:24 Halberdier
55:15 Scale Mail Armor
58:35 Scale Mail Armor
59:40 Gillnets
60:26 Sanctity
60:36 Chain Mail Armor
63:33 Fervor
65:11 Two-Man Saw
Fs.hiGhly_
11:19 Feudal Age
9:38 Loom
16:44 Castle Age
16:30 Forging
16:25 Double-Bit Axe
18:13 Horse Collar
23:49 Fishing Lines
25:11 Scale Barding Armor
28:24 Bloodlines
28:14 Husbandry
29:43 Gillnets
32:03 Wheelbarrow
31:13 Town Watch
35:34 Imperial Age
33:18 Fletching
33:28 Padded Archer Armor
33:41 Elite Skirmisher
35:18 Bodkin Arrow
36:08 Cavalier
38:15 Chain Barding Armor
41:01 Hand Cart
45:28 Plate Barding Armor
45:29 Iron Casting
58:06 Conscription
58:53 Blast Furnace
58:10 Leather Archer Armor
59:54 Scale Mail Armor
60:27 Ring Archer Armor
60:04 Kamandaran
61:18 Savar
62:11 Light Cavalry
62:55 Hussar
66:40 Thumb Ring
65:57 Crossbowman
68:10 Caravan
Waffle_Time30
13:27 Feudal Age
11:44 Loom
16:37 Double-Bit Axe
20:02 Castle Age
19:00 Horse Collar
20:44 Bloodlines
21:10 Husbandry
20:32 Light Cavalry
22:55 Husbandry
27:31 Forging
27:26 Scale Barding Armor
33:00 Iron Casting
32:30 Scale Barding Armor
41:29 Scale Barding Armor
41:36 Bow Saw
41:28 Heavy Plow
41:19 Gold Mining
41:20 Stone Mining
42:54 Wheelbarrow
42:04 Town Watch
45:29 Imperial Age
43:46 Fortified Bastions
45:32 Chain Barding Armor
45:38 Ballistics
44:59 Treadmill Crane
45:26 Siege Engineers
46:04 Elite Iron Pagoda
47:04 Heavy Rocket Cart
49:10 Blast Furnace
48:45 Plate Barding Armor
50:49 Conscription
53:00 Fletching
54:41 Gambesons
54:56 Squires
54:41 Arson
54:17 Elite Fire Lancer
57:42 Chemistry
58:10 Scale Mail Armor
58:07 Bodkin Arrow
59:51 Chain Mail Armor
59:36 Bracer
59:39 Town Patrol
59:59 Hand Cart
59:11 Pikeman
59:54 Halberdier
65:20 Two-Man Saw
64:58 Caravan
AAOE | Urborg
5:42 Loom
13:48 Feudal Age
13:36 Double-Bit Axe
18:55 Castle Age
17:30 Fletching
18:36 Bodkin Arrow
19:09 Fishing Lines
20:44 Gillnets
21:31 Medium Warships
23:03 Wheelbarrow
23:15 Town Watch
25:21 Forging
27:18 Iron Casting
29:43 Squires
32:11 Hand Cart
35:19 Thalassocracy
36:20 Bow Saw
35:55 Horse Collar
42:49 Imperial Age
40:26 Scale Barding Armor
40:33 Arson
41:19 Masonry
41:05 Murder Holes
41:52 Husbandry
43:15 Blast Furnace
42:38 Conscription
42:35 Heavy Plow
42:22 Elite Battle Elephant
44:06 Gold Mining
44:51 Crop Rotation
46:12 Chemistry
46:08 Gold Shaft Mining
47:42 Elite Karambit Warrior
48:47 Bracer
48:55 Man-at-Arms
49:36 Padded Archer Armor
49:53 Forced Levy
49:32 Long Swordsman
50:06 Two-Handed Swordsman
51:07 Siege Engineers
51:44 Elite Cannon Galleon
54:15 Bombard Tower
55:52 Treadmill Crane
56:49 Stone Mining
63:35 Pikeman
65:14 Stone Shaft Mining
65:11 Halberdier
Connection lost

Rejoining the realm…

Still unreachable

The connection could not be restored.

Session expired

The server has moved on; the page needs a fresh start.